 Dungeon Crawl Stone Soup version 0.28.0-56-g4927b6849a (webtiles) character file.

Game seed: 10810999396259021302

1293 hikkokomori the Slasher (level 8, -3/56 (62) HPs)
             Began as a Demonspawn Gladiator on Feb 10, 2023.
             Was an Initiate of Yredelemnul.
             Slain by a seven-headed hydra (12 damage)
             ... on level 7 of the Dungeon.
             The game lasted 00:10:52 (4845 turns).

hikkokomori the Slasher (Demonspawn Gladiator)      Turns: 4845, Time: 00:10:53

HP:   -3/56 (62)    AC: 12    Str: 16    XL:     8   Next: 30%
MP:   11/11         EV: 13    Int:  9    God:    Yredelemnul [......]
Gold: 250           SH:  0    Dex: 16    Spells: 7/7 levels left

rFire   . . .      SeeInvis .   a - +0 long sword
rCold   + . .      Faith    .   (no shield)
rNeg    . . .      Spirit   .   k - +2 ring mail {rC+}
rPois   .          Reflect  .   c - +0 helmet
rElec   .          Harm     .   v - scarf {+Inv}
rCorr   .          Rampage  .   C - +0 pair of gloves
Will    .....                   (no boots)
Stlth   ++........              w - amulet of regeneration
HPRegen 0.98/turn               t - ring of flight
MPRegen 0.12/turn               (no ring)

@: on berserk cooldown, flying, slowed, drained, very slow
A: slimy green scales 2, powered by death 2, demonic touch 1
a: Renounce Religion, Evoke Invisibility, Recall Undead Harvest


You were on level 7 of the Dungeon.
You worshipped Yredelemnul.
Yredelemnul was noncommittal.
You visited 1 branch of the dungeon, and saw 7 of its levels.

You collected 250 gold pieces.

Inventory:

Hand Weapons
 a - a +0 long sword (weapon)
 F - a +0 eveningstar
Missiles
 d - a throwing net (quivered)
Armour
 b - a +0 leather armour
 c - a +0 helmet (worn)
 j - a +0 ring mail
 k - a +2 ring mail of cold resistance (worn)
 o - a +2 chain mail of cold resistance
 v - a scarf of invisibility (worn)
 C - a +0 pair of gloves (worn)
Jewellery
 t - a ring of flight (left hand)
 w - an amulet of regeneration (around neck)
Scrolls
 e - a scroll of torment {unknown}
 f - a scroll of acquirement {unknown}
 h - a scroll of holy word {unknown}
 m - a scroll of brand weapon {unknown}
 q - 2 scrolls of noise {unknown}
 u - 2 scrolls of identify
 y - a scroll of teleportation {unknown}
 A - a scroll of vulnerability {unknown}
 D - a scroll of silence {unknown}
 E - a scroll of enchant armour {unknown}
Potions
 g - a potion of degeneration
 n - 2 potions of brilliance
 p - a potion of cancellation
 r - a potion of heal wounds {unknown}
 s - a potion of flight {unknown}
 x - a potion of invisibility {unknown}
 z - a potion of haste {unknown}
 G - a potion of curing {unknown}


   Skills:
 + Level 5.1 Fighting
 - Level 5.1 Long Blades
 - Level 1.7 Throwing
 + Level 5.1 Dodging
 + Level 3.6 Stealth
 - Level 5.1 Invocations


You had 7 spell levels left.
You didn't know any spells.
Your spell library contained the following spells:

 Spells                   Type           Power      Damage    Failure   Level
 Foxfire                  Conj/Fire      0%         2x1d4     61%         1
 Static Discharge         Conj/Air       0%         N/A       75%         2
 Conjure Flame            Conj/Fire      0%         6-21      93%         3
 Inner Flame              Hex/Fire       0%         N/A       93%         3
 Dispel Undead            Necr           0%         3d6       100%        4
 Flame Wave               Conj/Fire      0%         2d4       100%        4
 Sticky Flame             Conj/Fire      0%         2d3       100%        4
 Chain Lightning          Conj/Air       0%         N/A       100%        9
 Fire Storm               Conj/Fire      0%         5d1       100%        9
 Shatter                  Erth           0%         3d5*      100%        9


Dungeon Overview and Level Annotations

Branches:
Dungeon (8/15)
 Temple: D:4-7         Lair: D:8-11

Altars:
Dithmenos
Makhleb
Ru
Sif Muna
Yredelemnul

Annotations:
D:4 Robin


Innate Abilities, Weirdness & Mutations

You are mostly covered in slimy green scales. (AC +3)
You regenerate health from kills.
Your touch may inflict minor irresistible damage on your foes.


Message History

Press: ? - help, v - describe, . - travel, g - get item
Here: a wight, wielding a +4 war axe and wearing a +0 robe
Items here: a +0 great sword; a +0 robe.
The floor.
Unknown command.
You are too berserk!
You feel a strong urge to attack something.
You feel your anger nearly subside.
You are no longer berserk.
You are exhausted.
You feel yourself slow down.
You see here 16 gold pieces.
Throw: 3 throwing nets
Press: ? - help, Shift-Dir - straight line, f - wight
Aim: a wight, wielding a +4 war axe and wearing a +0 robe (62% to hit)
You throw a throwing net.
The throwing net barely misses the wight.
Throw: 2 throwing nets
Press: ? - help, Shift-Dir - straight line, f/p - wight
Aim: a wight, wielding a +4 war axe and wearing a +0 robe (62% to hit)
You throw a throwing net. The throwing net hits the wight.
The wight is caught in the net!
The wight struggles against the net.
The wight struggles against the net. x2
The wight struggles against the net.
The wight hits you with a +2 vampiric great sword.
* * * LOW HITPOINT WARNING * * *
You feel drained.
The wight hits you with a +2 vampiric great sword.
There is a stone staircase leading up, spattered with blood here.
The wight closely misses you.
You fly upwards.
The seven-headed hydra bites you. x2
* * * LOW HITPOINT WARNING * * *
The seven-headed hydra bites you but does no damage.
The seven-headed hydra completely misses you.
The seven-headed hydra barely misses you.
The seven-headed hydra bites you.
* * * LOW HITPOINT WARNING * * *
The seven-headed hydra bites you!
You die...
Your body rises from the dead as a mindless zombie.

#############.#..##.# #..# #.#
##..............#.##.# #..# #.#
###.###.###.........##.# #..#
#.# Z...# #.# #.####..####.#
#..# #.# ###.###.###.# #..#
#.###..###.# # #.........# #..#
#..........# #
#########.####..#####..........
# #......D..........##### ##
###.####@.......##.## .#
##.#.## #z#########.# .#
##.#...###.## #.# .#
##.###...#...########.# .# #.##
##...............# .#
##.###...#...##########
.#######.#....#####
.#..........#.# .#.#####.).##.#


You could see a seven-headed hydra and a wight.

Vanquished Creatures
  A sky beast (D:7)
  An ice beast (D:6)
  2 ogres (D:6)
  2 bullfrogs (D:7)
  A wight (D:8)
  A howler monkey (D:7)
  A centaur zombie (D:7)
  A hound (D:6)
  A bullfrog zombie (D:6)
  A centaur skeleton (D:6)
  A gnoll shaman (D:7)
  An orc priest (D:7)
  An iguana (D:7)
  2 orc wizards (D:7)
  A howler monkey zombie (D:8)
  3 gnolls (D:7)
  5 adders
  A shadow imp (D:6)
  A white imp (D:6)
  A dart slug (D:3)
  7 orcs
  3 ball pythons
  An endoplasm (D:3)
  3 giant cockroaches
  8 goblins
  6 hobgoblins
  6 kobolds
  2 quokkas
  A frilled lizard (D:3)
  2 rats
68 creatures vanquished.

Vanquished Creatures (collateral kills)
  An ogre (D:6)
  A sky beast (D:6)
  A bullfrog (D:6)
  2 howler monkeys
  An endoplasm (D:4)
  A giant cockroach (D:3)
  A goblin (D:3)
  2 hobgoblins
  A ball python (D:2)
  A kobold (D:1)
12 creatures vanquished.

Vanquished Creatures (others)
  An ogre zombie (D:6)
  2 howler monkey zombies
  An adder zombie (D:4)
  A spectral shadow imp (D:6)
  A bat zombie (D:1)
  2 goblin zombies (D:4)
  2 orc zombies (D:7)
  A rat zombie (D:2)
11 creatures vanquished.

Grand Total: 91 creatures vanquished

Notes
Turn   | Place    | Note
-------+----------+-------------------------------------------
     0 | D:1      | hikkokomori the Demonspawn Gladiator began the quest for
                  | the Orb.
     0 | D:1      | Reached XP level 1. HP: 16/16 MP: 1/1
   165 | D:1      | Found a faded altar of an unknown god.
   182 | D:1      | Prayed at the altar of an unknown god.
   182 | D:1      | Became a worshipper of Yredelemnul the Dark
   182 | D:1      | Reached * piety under Yredelemnul
   390 | D:1      | Gained mutation: You are partially covered in slimy green
                  | scales. (AC +2) [demonic ancestry]
   390 | D:1      | Reached XP level 2. HP: 18/22 MP: 2/2
  1567 | D:2      | Reached XP level 3. HP: 28/28 MP: 3/3
  1793 | D:3      | Found a shimmering blue altar of Sif Muna.
  2064 | D:3      | Found a burning altar of Makhleb.
  2391 | D:3      | Gained mutation: You regenerate a little health from kills.
                  | [demonic ancestry]
  2391 | D:3      | Reached XP level 4. HP: 35/35 MP: 4/4
  2395 | D:3      | Reached ** piety under Yredelemnul
  2792 | D:4      | Found a shadowy altar of Dithmenos.
  2864 | D:4      | Noticed an ice beast
  2869 | D:4      | Noticed Robin
  2933 | D:4      | You fall into a shaft and drop 3 floors!
  3045 | D:6      | Reached skill level 1 in Invocations
  3180 | D:6      | Gained mutation: You regenerate health from kills. [demonic
                  | ancestry]
  3180 | D:6      | Reached XP level 5. HP: 38/41 MP: 6/6
  3219 | D:6      | Noticed an ogre
  3230 | D:6      | Noticed an ice beast
  3241 | D:6      | Killed an ice beast
  3242 | D:6      | Reached skill level 1 in Stealth
  3250 | D:6      | Killed an ogre
  3251 | D:6      | Gained mutation: You are mostly covered in slimy green
                  | scales. (AC +3) [demonic ancestry]
  3251 | D:6      | Reached XP level 6. HP: 48/48 MP: 6/8
  3578 | D:6      | Gained mutation: Your touch may inflict minor irresistible
                  | damage on your foes. [demonic ancestry]
  3578 | D:6      | Reached XP level 7. HP: 44/54 MP: 9/9
  3956 | D:7      | Found a sacrificial altar of Ru.
  4273 | D:7      | Reached XP level 8. HP: 61/61 MP: 11/11
  4325 | D:7      | Reached skill level 5 in Fighting
  4325 | D:7      | Reached skill level 5 in Long Blades
  4325 | D:7      | Reached skill level 5 in Dodging
  4334 | D:7      | Reached skill level 5 in Invocations
  4796 | D:8      | Noticed a seven-headed hydra
  4829 | D:8      | HP: 2/59 [wight/+0 great sword (17)]
  4845 | D:7      | Slain by a seven-headed hydra

Illustrated notes

Levels and vault maps discovered:
D:1:      nagdon_arrival_zigzag_paths, layout_basic, serial_rivers,
          chequers_serial_rivers_small_3, chequers_serial_rivers_small_b,
          chequers_serial_rivers_small_3, chequers_serial_rivers_room_b,
          chequers_serial_rivers_micro_e, basic_ecumenical_altar
D:2:      layout_rooms, hangedman_decor_lopped
D:3:      layout_basic, mainiacjoe_overflow_catch_the_wave
D:4:      layout_loops_ring, nicolae_dithmenos_shadow_blocks, uniq_robin
D:6:      layout_cave_pods
D:7:      layout_loops_ring, nicolae_ru_awakened_eye
D:8:      layout_rooms, uniq_joseph

Skill      XL: |  1  2  3  4  5  6  7  8 |
---------------+-------------------------+-----
Long Blades    | 3 4 5 |  5.1
Dodging        | 3 4 5 |  5.1
Fighting       | 3 4 5 |  5.1
Invocations    | 1 2 3 4 5 |  5.1
Stealth        | 1 2 3 |  3.6
Throwing       | |  1.7

Action                   |  1- 3 |  4- 6 |  7- 9 || total
-------------------------+-------+-------+-------++-------
Melee: Long sword        |    82 |    86 |    92 ||   260
       Punch             |     1 |       |       ||     1
       Touch             |       |       |    26 ||    26
       Eveningstar       |       |       |     7 ||     7
Throw: Throwing net      |       |       |     2 ||     2
Invok: Recall Undead Har |       |       |     1 ||     1
Evoke: Wand              |       |       |     1 ||     1
  Use: Scroll            |       |     5 |     1 ||     6
       Potion            |       |     1 |     1 ||     2
 Stab: Distracted        |     2 |       |       ||     2
       Sleeping          |       |       |     1 ||     1
Armor: Leather armour    |     9 |       |       ||     9
       Ring mail         |    26 |    52 |    58 ||   136
Dodge: Dodged            |    63 |    70 |    85 ||   218
